 Dungeon Crawl Stone Soup version 0.29.1-1-gd02db6906a (webtiles) character file.

Game seed: 7080726819049048242

345 MisterFreud the Ducker (level 6, -2/42 HPs)
             Began as a Felid Berserker on Sept 19, 2022.
             Was a Priest of Trog.
             Slain by a gnoll sergeant
             ... wielding a +0 trident
              (14 damage)
             ... on level 5 of the Dungeon.
             The game lasted 00:04:02 (4252 turns).

MisterFreud the Ducker (Felid Berserker)            Turns: 4252, Time: 00:04:02

Health: -2/42      AC:  2    Str: 13    XL:     6   Next: 32%
Magic:  7/7        EV: 22    Int:  8    God:    Trog [***...]
Gold:   179        SH:  0    Dex: 18    Spells: 5/5 levels left
                                        Lives:  0   Deaths: 2

rFire   . . .      SeeInvis +     - Unarmed
rCold   . . .      Faith    .   (shield unavailable)
rNeg    . . .      Spirit   .   (body armour unavailable)
rPois   .          Reflect  .   (helmet unavailable)
rElec   .          Harm     .   (cloak unavailable)
rCorr   .          Rampage  .   (gloves unavailable)
Will    .....                   (boots unavailable)
Stlth   ..........              (no amulet)
HPRegen 0.14/turn               (no ring)
MPRegen 0.10/turn               (no ring)

@: berserking, very quick
A: very small, claws 1, fangs 3, see invisible, speed 1, shaggy fur 2, stealthy
paws, no weapons or thrown items, no armour, multi-lived
a: Renounce Religion, Berserk, Trog's Hand


You were on level 5 of the Dungeon.
You worshipped Trog.
Trog was most pleased with you.
You visited 1 branch of the dungeon, and saw 5 of its levels.

You collected 179 gold pieces.

Inventory:

Jewellery
 d - an amulet of faith
 h - a ring of willpower
Scrolls
 c - a scroll of magic mapping
Potions
 a - 2 potions of haste
 b - a potion of attraction {unknown}
 e - 3 potions of curing
 f - 2 potions of lignification {unknown}
 g - a potion of cancellation {unknown}
 i - a potion of flight {unknown}
 j - a potion of magic {unknown}
 k - a potion of mutation {unknown}
 l - a potion of ambrosia {unknown}


   Skills:
 - Level 3.0 Fighting
 + Level 7.7 Dodging
 - Level 6.0 Stealth
 - Level 6.0 Unarmed Combat


You had 5 spell levels left.
You didn't know any spells.
Your spell library was empty.

Dungeon Overview and Level Annotations

Branches:
Dungeon (5/15)             Temple (0/1) D:4

Altars:
Kikubaaqudgha

Annotations:
D:3 1 runed translucent door, EvilAshe's ghost, amateur FoEE


Innate Abilities, Weirdness & Mutations

You have sharp claws.
You have razor-sharp teeth.
You have supernaturally acute eyesight. (SInv)
You cover ground quickly. (Speed+)
You are covered in thick fur. (AC +2)
Your paws help you pounce on unaware monsters.
You are incapable of wielding weapons or throwing items.
You cannot wear armour.
You gain extra lives every three experience levels.


Message History

Found a pair of boots.
The scorpion stings you.
You claw the scorpion!
The scorpion is heavily wounded.
The scorpion stings you.
You are poisoned.
The scorpion poisons you!
You scratch the scorpion.
The scorpion is severely wounded.
You feel very sick. The scorpion completely misses you.
You scratch the scorpion.
The scorpion is almost dead.
You feel sick. The scorpion completely misses you.
You scratch the scorpion.
You kill the scorpion!
Trog accepts your kill.
You feel sick.
No target in view!
You feel sick.
You feel sick.
You feel sick.
You feel sick.
You feel sick.
You are no longer poisoned.
A gnoll sergeant is nearby!
A gnoll sergeant is nearby!
A gnoll sergeant is nearby!
You are too injured to fight recklessly!
You are too injured to fight recklessly!
You are too injured to fight recklessly!
The gnoll sergeant shouts!
The gnoll sergeant barely misses you.
The gnoll sergeant completely misses you.
The gnoll sergeant hits you with a +0 trident!
* * * LOW HITPOINT WARNING * * *
A red film seems to cover your vision as you go berserk!
You feel yourself moving faster!
You feel mighty!
The gnoll sergeant hits you with a +0 trident!
You die...

#### ####.... .... ####
### ###### .. ..#
....... ######. #.#
############ .......
...... #.# #...........
.......# #...( #.#
#.#########.
.......####....##.# #.#
#. .......##......g@.#
#.# #.
.......##.[...†...# #.#
#. .......##.........#
#.# #.
.......##.........+ #.#
##
.......##.........####.#
.......#..........'....#
.....(............######
........###########
......(.#


You could see a gnoll sergeant.

Vanquished Creatures
  A water moccasin (D:5)
  An orc warrior (D:4)
  2 ogres
  A scorpion (D:5)
  A hound (D:5)
  3 iguanas (D:5)
  An orc wizard (D:4)
  8 gnolls
  5 adders
  2 worms (D:3)
  3 dart slugs
  6 orcs
  10 endoplasms
  5 giant cockroaches
  3 goblins
  7 hobgoblins
  6 jackals
  6 kobolds
  A quokka (D:2)
  3 ball pythons
  8 bats
  2 rats
85 creatures vanquished.

Vanquished Creatures (others)
  An orc wizard (D:4)
1 creature vanquished.

Grand Total: 86 creatures vanquished

Notes
Turn   | Place    | Note
-------+----------+-------------------------------------------
     0 | D:1      | MisterFreud the Felid Berserker began the quest for the
                  | Orb.
     0 | D:1      | Reached XP level 1. HP: 10/10 MP: 2/2
    77 | D:1      | Reached skill level 1 in Stealth
   407 | D:1      | Reached XP level 2. HP: 7/14 MP: 3/3
   645 | D:1      | Found a faded altar of an unknown god.
   814 | D:1      | Reached ** piety under Trog
  1189 | D:2      | Reached XP level 3. HP: 7/17 MP: 4/4
  2342 | D:2      | Reached XP level 4. HP: 21/21 MP: 5/5
  2886 | D:3      | Reached XP level 5. HP: 22/24 MP: 6/6
  2989 | D:3      | Found a runed translucent door.
  2990 | D:3      | Noticed EvilAshe's ghost (amateur FoEE)
  3031 | D:3      | Noticed an ogre
  3039 | D:3      | Killed an ogre
  3040 | D:3      | Reached skill level 5 in Stealth
  3040 | D:3      | Reached skill level 5 in Unarmed Combat
  3254 | D:4      | Noticed an orc warrior
  3276 | D:4      | Killed an orc warrior
  3277 | D:4      | Gained mutation: You are covered in thick fur. (AC +2)
                  | [Felid growth]
  3277 | D:4      | Reached XP level 6. HP: 5/28 MP: 7/7
  3277 | D:4      | Killed from afar by an orc wizard
  3278 | D:4      | Reached XP level 5. HP: -1/36 MP: 6/6
  3278 | D:4      | Found an ancient bone altar of Kikubaaqudgha.
  3386 | D:4      | Noticed an ogre
  3449 | D:4      | Reached *** piety under Trog
  3454 | D:4      | Killed an ogre
  3455 | D:4      | Reached XP level 6. HP: 14/28 MP: 7/7
  3554 | D:4      | Reached skill level 5 in Dodging
  3853 | D:4      | Found a staircase to the Ecumenical Temple.
  3885 | D:5      | Entered Level 5 of the Dungeon
  3890 | D:5      | Noticed a water moccasin
  3906 | D:5      | Killed a water moccasin
  3907 | D:5      | Reached skill level 6 in Dodging
  4137 | D:5      | Reached skill level 7 in Dodging
  4137 | D:5      | Reached XP level 7. HP: 31/31 MP: 8/8
  4153 | D:5      | Slain by an iguana
  4154 | D:5      | Reached XP level 6. HP: 0/28 MP: 7/7
  4252 | D:5      | Slain by a gnoll sergeant

Illustrated notes

Levels and vault maps discovered:
D:1:      heliophobic_arrival_enchanted_forest, layout_basic,
          chequers_ecumenical_altar_simple_redux
D:2:      layout_loops_ring, grunt_ministairs_11, kennysheep_generic_room_4
D:3:      layout_rooms, nicolae_overflow_hidden_temple,
          ebering_ghost_inner_flame, minmay_fractal_squares_gapless_5
D:4:      layout_cave_pools, old_standard_altar, lemuel_temple_firewalk_b
D:5:      layout_basic, lexackson_kobold_supper

Skill      XL: |  1  2  3  4  5  6 |
---------------+-------------------+-----
Stealth        | 1 2 3 4 6 |  6.0
Unarmed Combat | 4 6 |  6.0
Dodging        | 7 |  7.7
Fighting       | |  3.0

Action                   |  1- 3 |  4- 6 |  7- 9 || total
-------------------------+-------+-------+-------++-------
Melee: Unarmed           |    94 |   116 |    10 ||   220
       Bite              |     7 |    10 |       ||    17
       Punch             |     4 |     3 |       ||     7
Invok: Berserk           |     2 |     7 |       ||     9
       Trog's Hand       |       |     1 |       ||     1
  Use: Scroll            |     5 |     3 |       ||     8
       Potion            |       |       |     1 ||     1
 Stab: Sleeping          |     6 |    11 |       ||    17
Armor: Skin              |     5 |     6 |       ||    11
Dodge: Dodged            |    66 |    91 |    11 ||   168
